[Event "Live Chess"]
[Site "Chess.com"]
[Date "2024.06.02"]
[Round "-"]
[White "IgorSchukin"]
[Black "MagnersCarlsberg2870"]
[Result "1-0"]
[WhiteElo "1787"]
[BlackElo "1820"]
[TimeControl "300"]
[EndTime "21:22:55 PDT"]
[Termination "IgorSchukin won by resignation"]

1. e4 d5 2. exd5 Nf6 3. Nc3 Nxd5 4. Bc4 c6 5. Nf3 Nxc3 6. bxc3 h6 7. h3 Nd7 8. d4 Nb6 9. Bd3 Nd5 10. Bd2 Be6 11.
O-O g5 12. Re1 g4 13. Nh4 gxh3 14. Rxe6 fxe6 15. gxh3 Rg8+ 16. Kf1 Qd6 17. Qh5+ Kd7 18. Ng6 Qh2 19. Ke2 Bg7 20. c4 Nf6 21. Qc5 Bf8 22.
Bf4 Qxh3 23. Ne5+ Ke8 24. Rb1 Qh5+ 25. Kd2 Rg2 26. Be3 Ng4 27. Bg6+ 1-0

[Event "Live Chess"]
[Site "Chess.com"]
[Date "2024.06.02"]
[Round "-"]
[White "Mangoalo"]
[Black "Duke_of_Bebington"]
[Result "0-1"]
[WhiteElo "1064"]
[BlackElo "1653"]
[TimeControl "300"]
[EndTime "21:23:22 PDT"]
[Termination "Duke_of_Bebington won by resignation"]

1. e4 e5 2. Nf3 Nf6 3. Nxe5 d6 4. Nxf7 Kxf7 5. Bc4+ Ke8 6. d4 Nc6 7. d5 Ne5 8. Bb3 Nxe4 9. Qh5+ g6 10. Qh3 Bxh3 11.
gxh3 0-1

[Event "Live Chess"]
[Site "Chess.com"]
[Date "2024.06.02"]
[Round "-"]
[White "BostonStrangler"]
[Black "booktrunk"]
[Result "1-0"]
[WhiteElo "2115"]
[BlackElo "1519"]
[TimeControl "300"]
[EndTime "21:23:29 PDT"]
[Termination "BostonStrangler won by checkmate"]

1. e4 b6 2. d4 Bb7 3. Bd3 h6 4. Qe2 e6 5. c3 Nf6 6. e5 Nd5 7. f4 Be7 8. Nf3 c5 9. O-O cxd4 10. cxd4 Nb4 11. Be4 Bc6 12. Nc3 Bxe4 13. Qxe4 N4c6 14.
d5 exd5 15. Nxd5 Bc5+ 16. Kh1 Na6 17. f5 Nab4 18. Nf6+ gxf6 19. exf6+ Kf8 20. a3 Na6 21. b4 Bxb4 22. axb4 Naxb4 23. Bb2 Qe8 24. Qg4 Rg8 25. Qh4 Rh8 26. Rae1 Qd8 27. Qg4 Nd3 28. Qg7# 1-0

[Event "Live Chess"]
[Site "Chess.com"]
[Date "2024.06.02"]
[Round "-"]
[White "Dhaydon19"]
[Black "RuslanChessN"]
[Result "1-0"]
[WhiteElo "2673"]
[BlackElo "1909"]
[TimeControl "300"]
[EndTime "21:24:50 PDT"]
[Termination "Dhaydon19 won by resignation"]

1. d4 d5 2. Nf3 Bf5 3. g3 e6 4. Bg2 c5 5. c3 Nc6 6. O-O Nf6 7.
dxc5 Bxc5 8. Nbd2 O-O 9. Nb3 Bd6 10. Nbd4 Bg6 11. Bg5 e5 12. Nb3 Bc7 13. Nh4 Re8 14.
Nxg6 hxg6 15. Bxf6 gxf6 16. Qxd5 Qxd5 17. Bxd5 Rad8 18.
Rad1 Bb6 19. Bxc6 bxc6 20. e4 Kf8 21. Kg2 Ke7 22. Kf3 Ke6 23. Ke2 f5 24. Nd2 Rd7 25. Nf3 fxe4 26. Ng5+ Ke7 27. Rxd7+ Kxd7 28. Nxf7 1-0

[Event "Live Chess"]
[Site "Chess.com"]
[Date "2024.06.02"]
[Round "-"]
[White "NeilDruggan73"]
[Black "Winterowl"]
[Result "1-0"]
[WhiteElo "1762"]
[BlackElo "1559"]
[TimeControl "300"]
[EndTime "21:25:48 PDT"]
[Termination "NeilDruggan73 won by resignation"]

1. d4 Nf6 2. Nf3 d6 3. c4 g6 4.
Nc3 Bg7 5. Bf4 Nbd7 6. Qd2 O-O 7. e4 Re8 8. O-O-O c5 9. d5 Nh5 10. Bh6 Ne5 11. Bxg7 Nxg7 12. h4 a6 13. Ne1 h5 14. f4 Ng4 15. Nf3 Rb8 16. g3 Bd7 17. Re1 b5 18. cxb5 axb5 19. e5 b4 20. Nd1 Bf5 21.
Bd3 Bxd3 22. Qxd3 Nf5 23. e6 fxe6 24. Rxe6 Kg7 25. Ng5 Qc7 26. Rhe1 Qa5 27. Kb1 Ra8 28. Qc4 Nd4 29. Rxe7+ Kf8 30. Nh7+ Kg8 31. Rxe8+ Rxe8 32. Rxe8+ Kxh7 33. b3 Qa7 34. Qf1 Qf7 35. Qe1 Qf5+ 36. Qe4 Qxe4+ 37. Rxe4 Kg7 38. Ne3 Nf2 39. Re7+ Kf6 40.
Rd7 Nb5 41. Rb7 Nc3+ 42. Kb2 Nd3+ 43. Kc2 Ne1+ 44. Kd2 Nf3+ 45. Kd3 Ne1+ 46. Kc4 Nf3 47. Rb6 Ke7 48. Rb7+ Kf6 49. Ra7 Nd2+ 50. Kd3 Nde4 51. Ra6 Ke7 52. Nc4 Nxg3 53. Nxd6 Nge2 54. Ne4 Nxe4 55.
Kxe4 Nc3+ 56. Ke5 Ne2 57. Ra7+ Kf8 58. d6 1-0

[Event "Live Chess"]
[Site "Chess.com"]
[Date "2024.06.02"]
[Round "-"]
[White "Delacorta"]
[Black "McFim"]
[Result "0-1"]
[WhiteElo "1493"]
[BlackElo "1650"]
[TimeControl "300"]
[EndTime "21:26:19 PDT"]
[Termination "McFim won by resignation"]

1. d4 d5 2. Nf3 Nf6 3. e3 Bf5 4. Bd3 Bxd3 5. cxd3 e6 6. O-O c5 7. dxc5 Bxc5 8. Nbd2 O-O 9. Nb3 Bd6 10. d4 Nc6 11.
Nbd2 Rc8 12. a3 Bb8 13. b4 a6 14. Bb2 Qd6 15. g3 Ne7 16. Ne5 Nd7 17. f4 f6 18.
Nxd7 Qxd7 19. Qh5 Rc2 0-1

[Event "Live Chess"]
[Site "Chess.com"]
[Date "2024.06.02"]
[Round "-"]
[White "Duke_of_Bebington"]
[Black "IgorSchukin"]
[Result "1-0"]
[WhiteElo "1664"]
[BlackElo "1776"]
[TimeControl "300"]
[EndTime "21:26:38 PDT"]
[Termination "Duke_of_Bebington won by checkmate"]

1. e4 c5 2. c3 e6 3. d4 d5 4. e5 Nc6 5. Nf3 cxd4 6. cxd4 Qb6 7. Nc3 Bb4 8. Be2 Nge7 9. O-O Nf5 10. Be3 Nxe3 11. fxe3 Bd7 12. Ng5 O-O 13. Bd3 h6 14.
Qh5 Bxc3 15. bxc3 Nxe5 16. Bc2 Nc4 17. Nxf7 Nxe3 18. Nxh6+ Kh8 19. Nf7+ Kg8 20. Qh8# 1-0

[Event "Live Chess"]
[Site "Chess.com"]
[Date "2024.06.02"]
[Round "-"]
[White "booktrunk"]
[Black "Dhaydon19"]
[Result "0-1"]
[WhiteElo "1519"]
[BlackElo "2673"]
[TimeControl "300"]
[EndTime "21:27:05 PDT"]
[Termination "Dhaydon19 won by resignation"]

1. d4 d5 2. Nc3 Nf6 3. Bf4 e6 4. a3 Bd6 5. Bxd6 cxd6 6. e3 Nc6 7. Nf3 O-O 8. Bb5 Bd7 9. Bxc6 Bxc6 10. O-O Qe7 11. b4 Rac8 12. Na2 Ba4 13. Rc1 Qc7 14. Qd2 Qc4 15. c3 Ne4 16. Qb2 Bb3 17. Ra1 Bxa2 18. Rxa2 Nxc3 19. Raa1 a6 20. Rac1 Ne2+ 0-1

[Event "Live Chess"]
[Site "Chess.com"]
[Date "2024.06.02"]
[Round "-"]
[White "Mangoalo"]
[Black "MagnersCarlsberg2870"]
[Result "0-1"]
[WhiteElo "1064"]
[BlackElo "1820"]
[TimeControl "300"]
[EndTime "21:27:22 PDT"]
[Termination "MagnersCarlsberg2870 won by resignation"]

1. e4 e5 2. Nf3 Nf6 3. Nxe5 Nc6 4. Nxf7 Kxf7 5. Bc4+ Ke8 6. e5 Nxe5 7. Bb3 d5 8.
O-O Neg4 9. f3 Nxh2 10. Kxh2 Bd6+ 11. Kg1 Bf5 12. d4 Qd7 13. Nc3 h5 14. Re1+ Kd8 15. Ba4 c6 16. Bg5 h4 17. Bxf6+ gxf6 18. Re2 Bg3 19. Qd2 h3 20. gxh3 Bd3 21. Qxd3 Qxh3 0-1

[Event "Live Chess"]
[Site "Chess.com"]
[Date "2024.06.02"]
[Round "-"]
[White "NeilDruggan73"]
[Black "Delacorta"]
[Result "0-1"]
[WhiteElo "1749"]
[BlackElo "1513"]
[TimeControl "300"]
[EndTime "21:29:18 PDT"]
[Termination "Delacorta won by checkmate"]

1. d4 Nf6 2. Bg5 h6 3. Bxf6 gxf6 4. e3 d5 5. Nd2 Bf5 6. b3 Nc6 7. Rc1 Qd7 8. c4 e6 9. Ngf3 Bg4 10. Be2 Bb4 11.
O-O Rg8 12. cxd5 Qxd5 13. Rc4 Bh3 14. e4 Rxg2+ 15. Kh1 Qh5 16. Ne5 Qg5 17. Nxc6 Rxh2+ 18. Kxh2 Qg2# 0-1

[Event "Live Chess"]
[Site "Chess.com"]
[Date "2024.06.02"]
[Round "-"]
[White "Delacorta"]
[Black "Mangoalo"]
[Result "1-0"]
[WhiteElo "1515"]
[BlackElo "1063"]
[TimeControl "300"]
[EndTime "21:30:27 PDT"]
[Termination "Delacorta won by resignation"]

1. d4 Nf6 2. Nf3 e6 3. e3 Bb4+ 4. Nbd2 Bxd2+ 5. Qxd2 O-O 6. Bd3 Qe7 7. b3 d5 8. a4 Bd7 9. Ba3 Qe8 10. Bxf8 Qxf8 11. Ne5 c5 1-0

[Event "Live Chess"]
[Site "Chess.com"]
[Date "2024.06.02"]
[Round "-"]
[White "MagnersCarlsberg2870"]
[Black "NeilDruggan73"]
[Result "1-0"]
[WhiteElo "1826"]
[BlackElo "1743"]
[TimeControl "300"]
[EndTime "21:30:34 PDT"]
[Termination "MagnersCarlsberg2870 won by resignation"]

1. Nf3 d6 2. e4 Nf6 3. d3 e5 4. g3 g6 5. Bg2 Be6 6. O-O Qd7 7. Ng5 Bh3 8. Bxh3 Qxh3 9. Nxh3 h6 10. f4 exf4 11.
Nxf4 Nc6 12. Nd5 1-0

[Event "Live Chess"]
[Site "Chess.com"]
[Date "2024.06.02"]
[Round "-"]
[White "KeithArkell"]
[Black "KGreenGator"]
[Result "1-0"]
[WhiteElo "2423"]
[BlackElo "1791"]
[TimeControl "300"]
[EndTime "21:31:13 PDT"]
[Termination "KeithArkell won on time"]

1. d4 d5 2. Nf3 Nf6 3. c4 e6 4.
Nc3 Be7 5. cxd5 exd5 6. Bg5 c6 7. e3 O-O 8. Bd3 h6 9. Bh4 Bg4 10. Qc2 Nbd7 11. Ne5 Nxe5 12. dxe5 Nd7 13. Bg3 Re8 14. Bh7+ Kh8 15. Bf5 Bxf5 16. Qxf5 Rf8 17. O-O g6 18. Qh3 Kg7 19. Rad1 Nc5 20. Rd2 Qc8 21. Qxc8 Raxc8 22. Rfd1 Ne6 23. Ne2 Ng5 24. f3 Ne6 25. Nd4 Nxd4 26. exd4 f6 27. Rc2 f5 28. a3 Rfd8 29. Bf2 b6 30. g4 f4 31. b4 g5 32. Kf1 a5 33.
bxa5 bxa5 34. a4 Rd7 35. Rdc1 Rdc7 36. Be1 Bb4 37. Bxb4 axb4 38. Rc5 Kf7 39. Ke2 Ke6 40. Rb1 Rb7 41. Rb3 Kd7 42. Ra5 Rcb8 43. Kd3 Rc8 44. Rc5 Ke6 45. a5 Kd7 46. a6 Rb6 47. Ra5 Ra8 48.
a7 Rb7 49. Ra4 Raxa7 50. Rbxb4 Rc7 51. Rxa7 Rxa7 52. Rb2 Ra3+ 53. Ke2 Ra7 54. h4 Ke6 55. hxg5 hxg5 56. Rb8 Rg7 57. Rd8 Rd7 58. Rg8 Rc7 59. Rxg5 c5 60. Kd3 c4+ 61. Kc3 Rb7 62. Rg6+ Kf7 63. Rf6+ Ke7 64. Rxf4 Rb3+ 65. Kc2 Rd3 66. g5 Re3 67. g6 Re2+ 68. Kc3 Rg2 69. Rf6 Rg3 70.
Rd6 Rxf3+ 71. Kb4 Rg3 72. Rxd5 Rxg6 73. Kxc4 Re6 74. Rc5 Kd7 75. Kd5 Rh6 76. Ra5 Kc7 77. Ra7+ Kb6 78. Rf7 Rh5 79. Ke6 Rh4 80. d5 Rh6+ 81. Rf6 Rh7 82. d6 Kc6 83. Rf1 Rh6+ 84. Kf7 Rh7+ 85. Kg6 Rh2 86. Rd1 Re2 87. Kf6 Kd7 88.
Rf1 Re4 89. Kf5 Re3 90. Ra1 Rh3 91. Ra7+ Kc6 92. Ra6+ Kb7 93. Ra1 Rf3+ 94. Ke6 Rf2 95. Rc1 Rd2 96. Kd7 Kb6 97. e6 Re2 98. e7 Rd2 99. e8=Q Rd5 100. Qb8+ 1-0

[Event "Live Chess"]
[Site "Chess.com"]
[Date "2024.06.02"]
[Round "-"]
[White "Dhaydon19"]
[Black "Duke_of_Bebington"]
[Result "1-0"]
[WhiteElo "2673"]
[BlackElo "1664"]
[TimeControl "300"]
[EndTime "21:31:31 PDT"]
[Termination "Dhaydon19 won by resignation"]

1. d4 Nf6 2. c3 Nc6 3. Nf3 e6 4.
g3 Be7 5. Bg2 O-O 6. Qc2 b6 7.
O-O Bb7 8. Nbd2 Re8 9. e4 d6 10.
Re1 d5 11. e5 Nd7 12. Nf1 f6 13. exf6 Nxf6 14. Rxe6 Qd7 15. Bh3 Bc8 16. Ng5 h6 17. Rxf6 Bxf6 18. Qh7+ Kf8 19. Bxd7 Bxd7 20. Nf3 Bg4 21.
Ne5 Nxe5 22. dxe5 Bxe5 23. Be3 Kf7 24. Bd4 Rh8 25. Qd3 Bd6 26. Ne3 Bf3 27. Qf5+ Ke7 28. Qxf3 1-0

[Event "Live Chess"]
[Site "Chess.com"]
[Date "2024.06.02"]
[Round "-"]
[White "Winterowl"]
[Black "Mangoalo"]
[Result "1-0"]
[WhiteElo "1561"]
[BlackElo "1062"]
[TimeControl "300"]
[EndTime "21:33:16 PDT"]
[Termination "Winterowl won by resignation"]

1. e4 d5 2. exd5 Nf6 3. d4 Bg4 4. f3 Bh5 5. c4 c6 6. dxc6 Nxc6 7.
Be3 e6 8. Nc3 Bb4 9. Ne2 O-O 10.
Ng3 Bg6 11. Bd3 Bxd3 12. Qxd3 e5 13. d5 Bxc3+ 14. bxc3 Ne7 15. O-O Rc8 16. Ne4 Nxe4 17. fxe4 Ng6 18. c5 Qa5 19. c4 b6 20. c6 Rc7 21. Bd2 Qa6 22. Qb3 Nf4 23. Bxf4 exf4 24. Rxf4 Rd8 25. e5 1-0

[Event "Live Chess"]
[Site "Chess.com"]
[Date "2024.06.02"]
[Round "-"]
[White "MagnersCarlsberg2870"]
[Black "KeithArkell"]
[Result "0-1"]
[WhiteElo "1825"]
[BlackElo "2424"]
[TimeControl "300"]
[EndTime "21:33:30 PDT"]
[Termination "KeithArkell won by resignation"]

1. d4 e6 2. Nd2 d5 3. e3 Nf6 4. Bd3 b6 5. f4 Ba6 6. Qe2 Bxd3 7. Qxd3 Be7 8. Ngf3 g6 9. c3 O-O 10. Ne5 c5 11. h4 Qc7 12. h5 Nxh5 13. Rxh5 gxh5 14. Ndf3 f6 15. Bd2 fxe5 16. Nxe5 Nc6 17. Qe2 Nxe5 18.
dxe5 Rf5 19. O-O-O Kh8 20. Rh1 Rg8 21. Rxh5 Rxh5 22.
Qxh5 Qd7 23. g4 Qe8 24. Qh3 Qg6 25. g5 c4 26. Be1 b5 27. a3 a5 0-1

[Event "Live Chess"]
[Site "Chess.com"]
[Date "2024.06.02"]
[Round "-"]
[White "Duke_of_Bebington"]
[Black "juniortay"]
[Result "0-1"]
[WhiteElo "1664"]
[BlackElo "2449"]
[TimeControl "300"]
[EndTime "21:34:40 PDT"]
[Termination "juniortay won by resignation"]

1. e4 e5 2. Nf3 Nf6 3. Nxe5 Nc6 4. Nxc6 dxc6 5. d3 Bc5 6. Be3 Bxe3 7. fxe3 Ng4 8. Qf3 Qg5 9. Be2 Nxe3 10. Na3 Nxg2+ 11. Kd1 Nf4 12. c3 Nxe2 13. Qxe2 Bg4 0-1

[Event "Live Chess"]
[Site "Chess.com"]
[Date "2024.06.02"]
[Round "-"]
[White "Mangoalo"]
[Black "KeithArkell"]
[Result "0-1"]
[WhiteElo "1062"]
[BlackElo "2424"]
[TimeControl "300"]
[EndTime "21:34:59 PDT"]
[Termination "KeithArkell won by resignation"]

1. e4 c6 2. d4 d5 3. exd5 cxd5 4. Bf4 Nf6 5. Nf3 Nc6 6. Nc3 Bg4 7. Be2 e6 8. Qd3 Bxf3 9. Bxf3 Bd6 10. Bxd6 Qxd6 11. O-O-O a6 12. a3 b5 13. Ne2 b4 14. a4 b3 15. c3 Na5 16. Rhe1 Qc6 17. Ng3 Qxa4 18. Kd2 Nc4+ 19. Ke2 Nxb2 20. Qd2 Qc4+ 21. Ke3 Nxd1+ 22.
Rxd1 Rc8 0-1

[Event "Live Chess"]
[Site "Chess.com"]
[Date "2024.06.02"]
[Round "-"]
[White "RockTroll"]
[Black "booktrunk"]
[Result "1/2-1/2"]
[WhiteElo "2172"]
[BlackElo "1527"]
[TimeControl "300"]
[EndTime "21:35:33 PDT"]
[Termination "Game drawn - insufficient material"]

1. e4 b6 2. d4 Bb7 3. Bd3 h6 4. Nf3 d6 5. O-O Nd7 6. Re1 e5 7. c3 exd4 8. cxd4 c5 9. e5 dxe5 10. Nxe5 Nxe5 11. Rxe5+ Be7 12. Bb5+ Kf8 13. Be3 Nf6 14.
Nc3 Nd7 15. Rh5 Bf6 16. dxc5 Nxc5 17. Bxc5+ bxc5 18. Nd5 g6 19. Nxf6 gxh5 20. Nd7+ Kg8 21. Qxh5 Qg5 22. Qh3 Rd8 23. Re1 a6 24. Bc4 Bc8 25. Qf3 Rh7 26. Nf6+ Kh8 27. Nxh7 Kxh7 28. Bd3+ f5 29. h4 Qf6 30. Re3 Rg8 31. g3 Rg7 32. Qf4 Bb7 33. Qxf5+ Qxf5 34. Bxf5+ Kh8 35. Re8+ Rg8 36. Rxg8+ Kxg8 37. Kf1 Kg7 38. Ke2 Kf6 39.
Bd3 a5 40. b3 Bc6 41. Bc4 Ke5 42. Ke3 a4 43. f4+ Kf6 44. g4 axb3 45. axb3 Be8 46.
g5+ hxg5 47. hxg5+ Kf5 48. Bd3+ Kg4 49. f5 Kxg5 50. Ke4 Kf6 51. Kd5 Bf7+ 52. Kxc5 Bxb3 53. Kd4 Be6 54. fxe6 Kxe6 1/2-1/2

[Event "Live Chess"]
[Site "Chess.com"]
[Date "2024.06.02"]
[Round "-"]
[White "IgorSchukin"]
[Black "McFim"]
[Result "1/2-1/2"]
[WhiteElo "1773"]
[BlackElo "1653"]
[TimeControl "300"]
[EndTime "21:36:50 PDT"]
[Termination "Game drawn - insufficient material"]

1. e4 c6 2. d4 d5 3. Nc3 dxe4 4.
Nxe4 Nd7 5. Qe2 Ndf6 6. Nf3 Nxe4 7.
Qxe4 Nf6 8. Qe5 Bg4 9. Bf4 e6 10.
O-O-O Bh5 11. Bc4 Bg6 12. Rhe1 Be7 13. Ng5 O-O 14. Bxe6 fxe6 15. Nxe6 Nd7 16. Nxd8 Nxe5 17. Ne6 Rf7 18. Bxe5 Bf6 19. Bxf6 Rxf6 20. f3 Re8 21. Nc5 Rxe1 22. Rxe1 b6 23. Ne4 Rf8 24. h4 h6 25.
Kd2 Rd8 26. Ke3 Bf7 27. b3 a5 28. c4 a4 29. Rc1 axb3 30. axb3 Ra8 31. Nd6 Bg6 32. g4 Rd8 33. c5 bxc5 34. dxc5 Rb8 35. Rc3 Rb4 36. h5 Bb1 37. Nc8 Ba2 38. Ne7+ Kf7 39.
Nxc6 Rxb3 40. Rxb3 Bxb3 41. f4 Bd5 42. Nd4 g6 43.
hxg6+ Kxg6 44. Nf5 Be6 45. c6 h5 46. Ne7+ Kf7 47.
gxh5 Kxe7 48. h6 Kf6 49. Ke4 Kg6 50. Ke5 Bc8 51. h7 Kxh7 52. f5 Kg7 53. f6+ Kf7 54. c7 Be6 55. Kd6 Kxf6 56. Kc6 Ke7 57. Kb7 Bd7 58. Kb8 Kd6 59. Kb7 Ke7 60. Kb6 Bc8 61. Kc6 Ke8 62. Kd6 Kf7 63. Kc6 Ke6 64. Kc5 Kd7 65.
Kb6 Kd6 66. Ka7 Kxc7 1/2-1/2

[Event "Live Chess"]
[Site "Chess.com"]
[Date "2024.06.02"]
[Round "-"]
[White "NeilDruggan73"]
[Black "Delacorta"]
[Result "0-1"]
[WhiteElo "1730"]
[BlackElo "1534"]
[TimeControl "300"]
[EndTime "21:37:23 PDT"]
[Termination "Delacorta won - game abandoned"]

1. d4 e6 2. Nf3 f5 3. Nc3 Nf6 4. Bg5 Be7 5. Ne5 O-O 6. f3 d6 7. Bxf6 Bxf6 8. Nd3 Bxd4 9. Qd2 Qf6 10. O-O-O Bxc3 11. bxc3 Nd7 12. h4 Ne5 13. g4 Nxd3+ 14. cxd3 fxg4 15. Kc2 Qf4 16. e3 Qa4+ 17. Kb2 Rxf3 18.
Be2 Rf2 19. Rde1 g3 20. Ref1 g2 21. Rxf2 gxh1=Q 0-1

[Event "Live Chess"]
[Site "Chess.com"]
[Date "2024.06.02"]
[Round "-"]
[White "KeithArkell"]
[Black "Duke_of_Bebington"]
[Result "1-0"]
[WhiteElo "2424"]
[BlackElo "1664"]
[TimeControl "300"]
[EndTime "21:37:43 PDT"]
[Termination "KeithArkell won by resignation"]

1. d4 Nf6 2. Nf3 d5 3. c4 c6 4. Nc3 dxc4 5. a4 Nd5 6. e3 Nxc3 7.
bxc3 b5 8. g3 Bg4 9. Bg2 a6 10.
Qc2 g6 11. Ne5 Bf5 12. Qa2 Qc8 13. axb5 cxb5 14. Bxa8 Bg7 15. Bg2 Bxe5 16. dxe5 Bd3 17. Bf1 Qd7 18. Bxd3 Qxd3 19. Bd2 O-O 20. Qb1 Rd8 21.
Qxd3 Rxd3 22. Ke2 1-0

[Event "Live Chess"]
[Site "Chess.com"]
[Date "2024.06.02"]
[Round "-"]
[White "juniortay"]
[Black "MagnersCarlsberg2870"]
[Result "1-0"]
[WhiteElo "2449"]
[BlackElo "1825"]
[TimeControl "300"]
[EndTime "21:38:26 PDT"]
[Termination "juniortay won by resignation"]

1. e4 c5 2. Nf3 a6 3. d4 cxd4 4. c3 dxc3 5. Nxc3 Nc6 6. Bc4 e6 7. O-O Nf6 8. Qe2 Be7 9. Rd1 O-O 10. Bf4 b5 11. Bb3 Nh5 12. Be3 Bb7 13. Rac1 Nf6 14.
Nd5 exd5 15. exd5 Nxd5 16. Bxd5 Na5 17. Ne5 d6 18. Bxb7 Nxb7 19. Nc6 Qd7 20. Bd4 Rac8 21. Nxe7+ 1-0

[Event "Live Chess"]
[Site "Chess.com"]
[Date "2024.06.02"]
[Round "-"]
[White "KGreenGator"]
[Black "IgorSchukin"]
[Result "0-1"]
[WhiteElo "1783"]
[BlackElo "1781"]
[TimeControl "300"]
[EndTime "21:38:27 PDT"]
[Termination "IgorSchukin won by resignation"]

1. c4 Nf6 2. d4 d5 3. Nc3 g6 4. e3 Bg7 5. Nf3 O-O 6. h3 c6 7. c5 Bf5 8. Bd3 Bxd3 9. Qxd3 Nbd7 10. O-O Re8 11. Re1 e5 12. e4 exd4 13. Qxd4 Nxe4 14.
Qd3 Nxc3 15. Rxe8+ Qxe8 16. bxc3 Ne5 17. Nxe5 Qxe5 18. Bb2 Re8 19. Qd4 Qe1+ 20. Rxe1 Rxe1+ 21. Kh2 Bxd4 0-1

[Event "Live Chess"]
[Site "Chess.com"]
[Date "2024.06.02"]
[Round "-"]
[White "Dhaydon19"]
[Black "RockTroll"]
[Result "1-0"]
[WhiteElo "2674"]
[BlackElo "2171"]
[TimeControl "300"]
[EndTime "21:39:17 PDT"]
[Termination "Dhaydon19 won by resignation"]

1. d4 Nf6 2. Nf3 g6 3. g3 Bg7 4. Bg2 O-O 5. c3 d6 6. O-O Nbd7 7. Nbd2 e5 8. Qc2 Re8 9. e4 c6 10. Nc4 Qc7 11. dxe5 dxe5 12. Rd1 Nc5 13. Nd6 Rd8 14.
Nxc8 Raxc8 15. Re1 a5 16. Bf1 h6 17. Rb1 Bf8 18. b3 Ne6 19. Bc4 Qe7 20. Be3 Nd7 21.
Rbd1 Qf6 22. Kg2 Bc5 23. Bxe6 1-0

[Event "Live Chess"]
[Site "Chess.com"]
[Date "2024.06.02"]
[Round "-"]
[White "Duke_of_Bebington"]
[Black "Delacorta"]
[Result "1-0"]
[WhiteElo "1669"]
[BlackElo "1527"]
[TimeControl "300"]
[EndTime "21:39:27 PDT"]
[Termination "Duke_of_Bebington won by resignation"]

1. e4 e6 2. d4 d5 3. Nd2 c6 4. Bd3 Nf6 5. e5 Nfd7 6. Ne2 Qg5 7.
O-O Qh5 8. Nf3 Be7 9. Ng3 g6 10.
Nxh5 gxh5 11. Bg5 1-0

[Event "Live Chess"]
[Site "Chess.com"]
[Date "2024.06.02"]
[Round "-"]
[White "rekosheten"]
[Black "Mangoalo"]
[Result "1-0"]
[WhiteElo "2465"]
[BlackElo "1062"]
[TimeControl "300"]
[EndTime "21:40:14 PDT"]
[Termination "rekosheten won by resignation"]

1. e4 f5 2. exf5 Nf6 3. d4 h6 4. Be2 d5 5. Bh5+ Kd7 6. Nf3 Nc6 7. Ne5+ Nxe5 8. dxe5 Nxh5 9. Qxh5 c6 10. Bf4 Qa5+ 11.
Nc3 Kd8 12. O-O-O d4 13. Rxd4+ Kc7 14. e6+ Kb6 15. Qe2 Bxe6 16. fxe6 g5 17. Be5 Rg8 18. Na4+ Qxa4 19. Rxa4 a5 20. Qe3+ Ka6 21. Bc7 1-0

[Event "Live Chess"]
[Site "Chess.com"]
[Date "2024.06.02"]
[Round "-"]
[White "juniortay"]
[Black "elephantgerrald"]
[Result "1-0"]
[WhiteElo "2449"]
[BlackElo "785"]
[TimeControl "300"]
[EndTime "21:42:02 PDT"]
[Termination "juniortay won by checkmate"]

1. e4 e5 2. Nc3 Nf6 3. f4 exf4 4. e5 Ng8 5. Nf3 f6 6. d4 d5 7. Bxf4 Nc6 8. Bb5 Ne7 9. O-O Bg4 10. exf6 gxf6 11.
h3 Bxf3 12. Qxf3 a6 13. Bxc6+ Nxc6 14. Rae1+ Be7 15. Qh5+ Kd7 16. Qf5+ Ke8 17. Qxf6 Rf8 18. Qg7 Qd7 19. Be5 Kd8 20. Rxf8+ Bxf8 21. Qxf8+ Qe8 22.
Bxc7+ Kxc7 23. Rxe8 Rxe8 24. Qxe8 Kb6 25. Nxd5+ Kb5 26. Qe2+ Ka5 27. c3 b6 28. b4+ Nxb4 29. cxb4+ Ka4 30. Qxa6# 1-0

[Event "Live Chess"]
[Site "Chess.com"]
[Date "2024.06.02"]
[Round "-"]
[White "McFim"]
[Black "KeithArkell"]
[Result "0-1"]
[WhiteElo "1653"]
[BlackElo "2424"]
[TimeControl "300"]
[EndTime "21:42:14 PDT"]
[Termination "KeithArkell won by resignation"]

1. e4 c6 2. d4 d5 3. exd5 cxd5 4. Bd3 Nf6 5. c3 Nc6 6. Bf4 Bg4 7. Nf3 e6 8. Nbd2 Bd6 9. Bxd6 Qxd6 10. O-O O-O 11.
Re1 Rab8 12. a4 a6 13. a5 b5 14. axb6 Rxb6 15. b4 Ra8 16. h3 Bxf3 17. Nxf3 a5 18.
Ne5 Rbb8 19. b5 Ne7 20. Ra4 Nd7 21. Nxd7 Qxd7 22. Qb3 Qc7 23. Rea1 Nc8 24. Qa3 Nd6 25. Rb1 g6 26. g3 Qb6 27. Kg2 Rc8 28. Ra1 Rc7 29.
Rxa5 Rxa5 30. Qxa5 Qxa5 31. Rxa5 Rxc3 32. Bf1 Rb3 33.
Ra8+ Kg7 34. Rb8 Rb2 35. b6 Ne4 36. b7 Rxf2+ 37. Kg1 Rb2 38. Ba6 Nd6 0-1

[Event "Live Chess"]
[Site "Chess.com"]
[Date "2024.06.02"]
[Round "-"]
[White "RockTroll"]
[Black "Duke_of_Bebington"]
[Result "1-0"]
[WhiteElo "2172"]
[BlackElo "1668"]
[TimeControl "300"]
[EndTime "21:42:23 PDT"]
[Termination "RockTroll won by resignation"]

1. Nf3 d5 2. g3 Nf6 3. Bg2 Bf5 4. O-O c6 5. d3 h6 6. Nc3 Nbd7 7. Nd2 Bh7 8. e4 d4 9. Ne2 e5 10. f4 Bd6 11. Nf3 Qe7 12. fxe5 Nxe5 13. Nfxd4 Bc5 14. c3 O-O-O 15. Kh1 Bxd4 16. cxd4 Ned7 17. Qa4 Kb8 18. Bf4+ Ka8 19. Rfc1 Nb6 20. Qa5 Nfd7 21. Rc3 Nb8 22. Ra3 1-0

[Event "Live Chess"]
[Site "Chess.com"]
[Date "2024.06.02"]
[Round "-"]
[White "Delacorta"]
[Black "Dhaydon19"]
[Result "0-1"]
[WhiteElo "1527"]
[BlackElo "2674"]
[TimeControl "300"]
[EndTime "21:42:44 PDT"]
[Termination "Dhaydon19 won by resignation"]

1. d4 d5 2. Nf3 Nf6 3. e3 e6 4.
Bd3 c5 5. b3 Nc6 6. Bb2 Qc7 7.
Ne5 cxd4 8. exd4 Bd6 9. f4 Ne4 10. Nd2 Nxd2 11. Qxd2 f6 12. Nxc6 Bxf4 13. Qf2 bxc6 14.
g3 Bd6 15. O-O O-O 16. Qg2 Bd7 17. Rae1 e5 18. dxe5 fxe5 19. c4 e4 20. Be2 Rxf1+ 21. Rxf1 Rf8 22. cxd5 cxd5 23. Rc1 Qb6+ 24. Kh1 Rf2 0-1

[Event "Live Chess"]
[Site "Chess.com"]
[Date "2024.06.02"]
[Round "-"]
[White "elephantgerrald"]
[Black "KGreenGator"]
[Result "0-1"]
[WhiteElo "785"]
[BlackElo "1783"]
[TimeControl "300"]
[EndTime "21:44:15 PDT"]
[Termination "KGreenGator won by checkmate"]

1. e4 c5 2. Nf3 e6 3. Nc3 Nc6 4. Bb5 Qc7 5. O-O Nd4 6. Nxd4 cxd4 7. Nb1 Nf6 8. c3 h5 9. cxd4 Ng4 10. g3 a6 11. Bc4 Qxc4 12. Nc3 Qxd4 13. d3 Bc5 14. Be3 Nxe3 15. fxe3 Qxe3+ 16. Rf2 Qxf2+ 17. Kh1 h4 18. gxh4 Rxh4 19. Qe2 Rxh2# 0-1

[Event "Live Chess"]
[Site "Chess.com"]
[Date "2024.06.02"]
[Round "-"]
[White "booktrunk"]
[Black "rekosheten"]
[Result "0-1"]
[WhiteElo "1528"]
[BlackElo "2465"]
[TimeControl "300"]
[EndTime "21:45:17 PDT"]
[Termination "rekosheten won by checkmate"]

1. d4 Nf6 2. Nc3 d5 3. Bf4 c5 4. dxc5 d4 5. Na4 Nc6 6. c3 e5 7. Bg5 Bg4 8. Bxf6 gxf6 9. cxd4 Qa5+ 10. Nc3 exd4 11. f3 dxc3 12. bxc3 Qxc3+ 13. Kf2 Bxc5+ 14. e3 Qxe3+ 15. Kg3 Be6 16. Qd3 Qf2+ 17. Kf4 Rd8 18. Qxd8+ Nxd8 19. Rd1 Qe3+ 20. Kg3 Qg5# 0-1

[Event "Live Chess"]
[Site "Chess.com"]
[Date "2024.06.02"]
[Round "-"]
[White "Mangoalo"]
[Black "Delacorta"]
[Result "0-1"]
[WhiteElo "1069"]
[BlackElo "1529"]
[TimeControl "300"]
[EndTime "21:46:48 PDT"]
[Termination "Delacorta won by resignation"]

1. e4 e6 2. d4 d5 3. exd5 exd5 4. Nf3 Nf6 5. Bg5 Bd6 6. Nc3 c6 7. Qe2+ Be6 8. Bxf6 Qxf6 9. O-O-O O-O 10. g3 b5 11. Nh4 b4 12. Nb1 a5 13. Nd2 Re8 14.
Bg2 Nd7 15. Kb1 Bf5 16. Nxf5 Rxe2 17. Nxd6 Qxd6 18. Rhg1 Rxf2 0-1